 Dungeon Crawl Stone Soup version 0.22-a0-799-g88f5e90 (webtiles) character file.

289 iamserjio the Sneak (level 6, -6/32 HPs)
             Began as a Spriggan Monk on July 21, 2018.
             Killed by divine providence
             ... invoked by an orc priest
              (15 damage)
             ... on level 4 of the Dungeon.
             The game lasted 00:06:26 (839 turns).

iamserjio the Sneak (Spriggan Monk)                  Turns: 839, Time: 00:06:26

Health: -6/32      AC:  2    Str:  7    XL:     6   Next: 9%
Magic:  8/8        EV: 22    Int: 12    God:
Gold:   62         SH:  0    Dex: 20    Spells: 5/5 levels left

rFire    . . .     SeeInvis +   a - +0 short sword
rCold    . . .     Gourm    .   (shield restricted)
rNeg     . . .     Faith    .   b - +0 robe
rPois    .         Spirit   .   (helmet restricted)
rElec    .         Reflect  .   (no cloak)
rCorr    .         Harm     .   (gloves unavailable)
MR       +....                  (boots unavailable)
Stlth    ++++......             (no amulet)
HPRegen  0.10/turn              (no ring)
MPRegen  0.11/turn              (no ring)

@: very quick
A: very small, unfitting armour, see invisible, herbivore, speed 3, slow
metabolism 2
a: no special abilities


You were on level 4 of the Dungeon.
You were not hungry.

You visited 1 branch of the dungeon, and saw 4 of its levels.

You collected 62 gold pieces.

Inventory:

Hand Weapons
 a - a +0 short sword (weapon)
 j - a +0 dagger
Missiles
 f - 40 arrows
Armour
 b - a +0 robe (worn)
Jewellery
 d - an uncursed ring of resist corrosion {unknown}
Wands
 i - a wand of flame (12)
Scrolls
 e - a scroll of blinking {unknown}
 k - a scroll of amnesia {unknown}
 m - 3 scrolls of remove curse {unknown}
 n - a scroll of enchant weapon {unknown}
 p - 2 scrolls of identify {unknown}
 q - 2 scrolls of enchant armour {unknown}
Potions
 g - 2 potions of heal wounds {unknown}
 h - a potion of brilliance {unknown}
 l - a potion of flight {unknown}
 o - 2 potions of berserk rage {unknown}
 r - 2 potions of ambrosia {unknown}
Comestibles
 c - 5 rations


   Skills:
 - Level 3.0 Fighting
 + Level 4.3 Short Blades
 + Level 5.9 Dodging
 * Level 6.7 Stealth
 + Level 2.2 Evocations


You had 5 spell levels left.
You didn't know any spells.
Your spell library was empty.

Dungeon Overview and Level Annotations

Branches:
Dungeon (4/15)
 Temple: D:4-7

Altars:
Cheibriados
Makhleb
Okawaru


Innate Abilities, Weirdness & Mutations

You are very small and have problems with some larger weapons.
You are too small for most types of armour.
You have supernaturally acute eyesight. (SInv)
You are a herbivore.
You cover ground extremely quickly.
You need to consume almost no food.


Message History

You see here a ration.
c - 5 rations (gained 1)
The phantom hits you.
* * * LOW HITPOINT WARNING * * *
The phantom blinks!
The phantom blinks!
Found a short sword.
Found a shiny large shield.
Found a metallic green potion.
Found 12 gold pieces. 2 orcs and an orc priest come into view.
The orc shouts!
You hear a shout!
An orc comes into view.
An orc priest comes into view. It is wielding a club.
The orc priest shouts!
Found 11 gold pieces.
You see here a shiny large shield.
The orc priest invokes the aid of Beogh against you.
Beogh smites you!
You die...

#....#).'...... #....
#....#.)#....#) #....
#...#####'####) #.....
#...#(.#..#).#. #..ooo
#...#..').#..'. #...o.#
#..P####).#####
#......###......####....
#..$..o.##..............
#.....@[...............
#...!..#........######>
#......####....)# #...
......... #.....# #...#
......$.. ###...##...##
.......... #...#......
......#### #......#.).
#..... .. .._ .).


You could see 2 orc priests and 3 orcs.

Vanquished Creatures
  3 scorpions
  An iguana (D:4)
  4 gnolls (D:4)
  2 worms
  A dart slug (D:2)
  9 orcs (D:4)
  4 bats (D:2)
  9 goblins
  14 hobgoblins
  2 frilled lizards (D:2)
  9 kobolds
  5 rats
63 creatures vanquished.

Notes
Turn   | Place    | Note
-------+----------+-------------------------------------------
     0 | D:1      | iamserjio the Spriggan Monk began the quest for the Orb.
     0 | D:1      | Reached XP level 1. HP: 11/11 MP: 2/2
   138 | D:2      | Reached XP level 2. HP: 14/16 MP: 3/3
   245 | D:2      | Noticed a scorpion
   265 | D:2      | Reached skill level 4 in Stealth
   275 | D:2      | Found a snail-covered altar of Cheibriados.
   289 | D:2      | Killed a scorpion
   289 | D:2      | Reached skill level 5 in Dodging
   289 | D:2      | Reached XP level 3. HP: 6/19 MP: 4/4
   289 | D:2      | Reached XP level 4. HP: 8/23 MP: 5/5
   415 | D:2      | Reached skill level 5 in Stealth
   450 | D:2      | Found a burning altar of Makhleb.
   608 | D:4      | Reached skill level 1 in Evocations
   608 | D:4      | Reached XP level 5. HP: 17/28 MP: 5/7
   621 | D:4      | Reached skill level 6 in Stealth
   804 | D:4      | Found an iron altar of Okawaru.
   805 | D:4      | Noticed a phantom
   812 | D:4      | Reached XP level 6. HP: 12/32 MP: 8/8
   839 | D:4      | Killed from afar by an orc priest

Vault maps used:
D:1:      lemuel_arrival_rhombus, minmay_pentomino_p2
D:2:      lemuel_crystal_altar, kennysheep_slug_shrine, st_stairs_11,
          uniq_jessica
D:3:      first_ration
D:4:      corexii_shantytown, okawaru_ov_weapons_minmay

Skill      XL: |  1  2  3  4  5 |
---------------+----------------+-----
Stealth        | 4 5 6 |  6.7
Dodging        | 5 |  5.9
Fighting       | 3 |  3.0
Short Blades   | 4 |  4.3
Evocations     | 1 2 |  2.2

Action                   |  1- 3 |  4- 6 || total
-------------------------+-------+-------++-------
Melee: Short sword       |    53 |    68 ||   121
Evoke: Wand              |       |    28 ||    28
 Stab: Sleeping          |     5 |    19 ||    24
Armor: Robe              |     7 |       ||     7
Dodge: Dodged            |    36 |    34 ||    70

Table legend:
 A = Spawn XP
 B = Non-spawn XP
 C = Spawn XP percentage of total XP
 D = Spawn monster count
 E = Non-spawn monster count
 F = Spawn count percentage of total count
 G = Total turns spent on level
                    A         B        C        D         E        F      G
               +---------+---------+-------+---------+---------+-------+---------
         Total |       0 |     413 |   0.0 |       0 |      63 |   0.0 |   839
               +---------+---------+-------+---------+---------+-------+---------
           D:1 |       0 |      10 |   0.0 |       0 |       7 |   0.0 |   137
           D:2 |       0 |     100 |   0.0 |       0 |      18 |   0.0 |   328
           D:3 |       0 |       8 |   0.0 |       0 |       3 |   0.0 |    43
           D:4 |       0 |     295 |   0.0 |       0 |      35 |   0.0 |   331
               +---------+---------+-------+---------+---------+-------+---------
